TOP OF THE 1ST |
Jacksonville Suns batting - Pitching for Pensacola Blue Wahoos : LHP Suk-jin Sok
|
Pitching: LHP Suk-jin Sok
|
|
Batting: RHB Akira Suzuki
|
0-0: Called Strike 0-1: Ball 1-1: DOUBLE (Groundball, 3L, EV 103.1 MPH)
|
Batting: RHB Reomel Somera
|
0-0: Called Strike 0-1: Ball 1-1: Ball 2-1: DOUBLE (Line Drive, 3D, EV 101.2 MPH) Akira Suzuki scores
|
Batting: RHB Jack Power
|
0-0: Ball 1-0: Ball 2-0: Called Strike 2-1: Ball 3-1: Swinging Strike 3-2: Foul Ball, location: 2F 3-2: Foul Ball, location: 2F 3-2: Foul Ball, location: 2F 3-2: Ground out 5-3 (Groundball, 56, EV 81.9 MPH)
|
Batting: RHB Len Graham
|
0-0: Ball 1-0: Ball 2-0: Called Strike 2-1: Swinging Strike 2-2: Foul Ball, location: 2F 2-2: Ground out 5-3 (Groundball, 56S, EV 66.2 MPH) Reomel Somera to third
|
Batting: LHB Dong-u Chang
|
0-0: Ball 1-0: Called Strike 1-1: Ground out 4-3 (Groundball, 4, EV 88.1 MPH)
|
Top of the 1st over - 1 run, 2 hits, 0 errors, 1 left on base; Jacksonville 1 - Pensacola 0 |
BOTTOM OF THE 1ST |
Pensacola Blue Wahoos batting - Pitching for Jacksonville Suns : RHP Pat Proctor
|
Pitching: RHP Pat Proctor
|
|
Batting: RHB Randy Grewe
|
0-0: Ball 1-0: SINGLE (Line Drive, 78S, EV 108.8 MPH)
|
Batting: RHB Solange Le Coq
|
0-0: Ball 1-0: Fielders Choice at 2nd, 1-6 (Groundball, 13S, EV 67.5 MPH)
|
Batting: SHB David Garnica
|
0-0: Foul Ball, location: 2F 0-1: Ball 1-1: Ball Solange Le Coq steals 2nd base (no throw) 2-1: Fly out, F8 (Flyball, 8LD, EV 91.9 MPH)
|
Batting: RHB Mark Williams
|
0-0: Called Strike 0-1: Ball 1-1: SINGLE (Groundball, 6MS, EV 70.0 MPH) (infield hit) Solange Le Coq to third
|
Batting: RHB Armando Moz
|
0-0: Ball 1-0: Swinging Strike 1-1: Foul Ball, location: 2F 1-2: Strikes out swinging
|
Bottom of the 1st over - 0 runs, 2 hits, 0 errors, 2 left on base; Jacksonville 1 - Pensacola 0 |
TOP OF THE 2ND |
Jacksonville Suns batting - Pitching for Pensacola Blue Wahoos : LHP Suk-jin Sok
|
Batting: LHB Orlando Rivera
|
0-0: Ball 1-0: Swinging Strike 1-1: Ball 2-1: SINGLE (Groundball, 34D, EV 96.9 MPH)
|
Batting: RHB Larry LeFever
|
0-0: Ball Orlando Rivera steals 2nd base (no throw) 1-0: Foul Ball, location: 2F 1-1: Called Strike 1-2: Ground out U3 (Groundball, 34S, EV 67.5 MPH) Orlando Rivera to third
|
Batting: RHB Chris Alft
|
0-0: Called Strike 0-1: Called Strike 0-2: Ground out U3 (Groundball, 3, EV 85.6 MPH)
|
Batting: LHB Matt McKeon
|
0-0: Called Strike 0-1: Ball 1-1: Foul Ball, location: 2F 1-2: SINGLE (Groundball, 4M, EV 91.9 MPH) (infield hit) Orlando Rivera scores
|
Batting: RHB Akira Suzuki
|
0-0: Ball 1-0: Ball 2-0: Called Strike 2-1: Called Strike 2-2: SINGLE (Groundball, 6M, EV 103.8 MPH) (infield hit) Matt McKeon to second
|
Batting: RHB Reomel Somera
|
0-0: Swinging Strike 0-1: Called Strike 0-2: Strikes out looking
|
Top of the 2nd over - 1 run, 3 hits, 0 errors, 2 left on base; Jacksonville 2 - Pensacola 0 |
BOTTOM OF THE 2ND |
Pensacola Blue Wahoos batting - Pitching for Jacksonville Suns : RHP Pat Proctor
|
Batting: RHB Dinand Brouwer
|
0-0: Ball 1-0: Ball 2-0: Foul Ball, location: 2F 2-1: Ball 3-1: Foul Ball, location: 2F 3-2: Strikes out looking
|
Batting: LHB John Wagner
|
0-0: Ball 1-0: Swinging Strike 1-1: Fly out, F7 (Line Drive, 7, EV 93.1 MPH)
|
Batting: RHB Luis Solorzano
|
0-0: Ground out 4-3 (Groundball, 4D, EV 97.5 MPH)
|
Bottom of the 2nd over - 0 runs, 0 hits, 0 errors, 0 left on base; Jacksonville 2 - Pensacola 0 |
TOP OF THE 3RD |
Jacksonville Suns batting - Pitching for Pensacola Blue Wahoos : LHP Suk-jin Sok
|
Batting: RHB Jack Power
|
0-0: Ball 1-0: Ball 2-0: Fly out, F8 (Line Drive, 78M, EV 93.1 MPH)
|
Batting: RHB Len Graham
|
0-0: Foul Ball, location: 2F 0-1: Ball 1-1: Ball 2-1: Ball 3-1: Ground out 6-3 (Groundball, 6, EV 102.5 MPH)
|
Batting: LHB Dong-u Chang
|
0-0: Swinging Strike 0-1: Swinging Strike 0-2: Ground out 4-3 (Groundball, 4, EV 101.2 MPH)
|
Top of the 3rd over - 0 runs, 0 hits, 0 errors, 0 left on base; Jacksonville 2 - Pensacola 0 |
BOTTOM OF THE 3RD |
Pensacola Blue Wahoos batting - Pitching for Jacksonville Suns : RHP Pat Proctor
|
Batting: RHB Ryan Short
|
0-0: Called Strike 0-1: Swinging Strike 0-2: DOUBLE (Line Drive, 5D, EV 97.5 MPH)
|
Batting: RHB Randy Grewe
|
0-0: Called Strike 0-1: Foul Ball, location: 2F 0-2: Strikes out looking
|
Batting: RHB Solange Le Coq
|
0-0: Called Strike 0-1: Foul Ball, location: 2F 0-2: Ball 1-2: Fly out, F9 (Flyball, 9D, EV 96.9 MPH) Runner from 2nd tags up, SAFE at 3rd, no throw by RF
|
Batting: SHB David Garnica
|
0-0: Foul Ball, location: 2F 0-1: Ball 1-1: Ground out 5-3 (Groundball, 56, EV 98.1 MPH)
|
Bottom of the 3rd over - 0 runs, 1 hit, 0 errors, 1 left on base; Jacksonville 2 - Pensacola 0 |
TOP OF THE 4TH |
Jacksonville Suns batting - Pitching for Pensacola Blue Wahoos : LHP Suk-jin Sok
|
Batting: LHB Orlando Rivera
|
0-0: Called Strike 0-1: Ball 1-1: Swinging Strike 1-2: Fly out, F8 (Flyball, 8RD, EV 96.2 MPH)
|
Batting: RHB Larry LeFever
|
0-0: Ball 1-0: Ball 2-0: Swinging Strike 2-1: Swinging Strike 2-2: Ball 3-2: Base on Balls
|
Batting: RHB Chris Alft
|
0-0: Ball 1-0: Ball 2-0: Ball 3-0: Base on Balls Larry LeFever to second
|
Batting: LHB Matt McKeon
|
0-0: Ball 1-0: Fielders Choice at 2nd, 5-4 (Groundball, 5, EV 89.4 MPH) Larry LeFever to third
|
Batting: RHB Akira Suzuki
|
0-0: Called Strike 0-1: Ball 1-1: Ball 2-1: Foul Ball, location: 2F 2-2: SINGLE (Groundball, 6MD, EV 90.6 MPH) (infield hit) Larry LeFever scores Matt McKeon to second
|
Batting: RHB Reomel Somera
|
0-0: Ball 1-0: Called Strike 1-1: Foul Ball, location: 2F 1-2: Strikes out looking
|
Top of the 4th over - 1 run, 1 hit, 0 errors, 2 left on base; Jacksonville 3 - Pensacola 0 |
BOTTOM OF THE 4TH |
Pensacola Blue Wahoos batting - Pitching for Jacksonville Suns : RHP Pat Proctor
|
Batting: RHB Mark Williams
|
0-0: Ball 1-0: Ball 2-0: Foul Ball, location: 2F 2-1: Ball 3-1: Base on Balls
|
Batting: RHB Armando Moz
|
0-0: Ball Mark Williams is caught stealing 2nd base 2-4 1-0: Ground out 6-3 (Groundball, 6, EV 88.1 MPH)
|
Batting: RHB Dinand Brouwer
|
0-0: Ball 1-0: Ball 2-0: Foul Ball, location: 2F 2-1: Called Strike 2-2: Ground out 6-3 (Groundball, 6, EV 83.8 MPH)
|
Bottom of the 4th over - 0 runs, 0 hits, 0 errors, 0 left on base; Jacksonville 3 - Pensacola 0 |
TOP OF THE 5TH |
Jacksonville Suns batting - Pitching for Pensacola Blue Wahoos : LHP Suk-jin Sok
|
Batting: RHB Jack Power
|
0-0: SINGLE (Line Drive, 7S, EV 98.1 MPH)
|
Batting: RHB Len Graham
|
0-0: Grounds into double play, 4-6-3 (Groundball, 4, EV 107.5 MPH)
|
Batting: LHB Dong-u Chang
|
0-0: Called Strike 0-1: Ball 1-1: Swinging Strike 1-2: Foul Ball, location: 2F 1-2: Ground out 4-3 (Groundball, 4, EV 91.9 MPH)
|
Top of the 5th over - 0 runs, 1 hit, 0 errors, 0 left on base; Jacksonville 3 - Pensacola 0 |
BOTTOM OF THE 5TH |
Pensacola Blue Wahoos batting - Pitching for Jacksonville Suns : RHP Pat Proctor
|
Batting: LHB John Wagner
|
0-0: Called Strike 0-1: Ball 1-1: Ball 2-1: Ball 3-1: Base on Balls
|
Batting: RHB Luis Solorzano
|
0-0: Called Strike John Wagner is caught stealing 2nd base 2-4 0-1: Ball 1-1: Swinging Strike 1-2: Strikes out swinging
|
Batting: RHB Ryan Short
|
0-0: Ball 1-0: Foul Ball, location: 2F 1-1: Foul Ball, location: 2F 1-2: Ball 2-2: Ball 3-2: Fly out, F9 (Flyball, 89M, EV 96.9 MPH)
|
Bottom of the 5th over - 0 runs, 0 hits, 0 errors, 0 left on base; Jacksonville 3 - Pensacola 0 |
TOP OF THE 6TH |
Jacksonville Suns batting - Pitching for Pensacola Blue Wahoos : LHP Suk-jin Sok
|
Batting: LHB Orlando Rivera
|
0-0: Ball 1-0: Swinging Strike 1-1: Ball 2-1: Called Strike 2-2: Ground out 4-3 (Groundball, 4, EV 100.0 MPH)
|
Batting: RHB Larry LeFever
|
0-0: Called Strike 0-1: Foul Ball, location: 2F 0-2: Ball 1-2: Ball 2-2: Foul Ball, location: 2F 2-2: Foul Ball, location: 2F 2-2: Ball 3-2: SINGLE (Groundball, 6MD, EV 95.0 MPH)
|
Pitching: RHP Vladislav Prochazka
|
|
Batting: RHB Chris Alft
|
0-0: Swinging Strike 0-1: Ball 1-1: Swinging Strike 1-2: Strikes out swinging
|
Batting: LHB Matt McKeon
|
0-0: Called Strike 0-1: Foul Ball, location: 2F 0-2: Ball 1-2: Ball 2-2: Ball 3-2: SINGLE (Groundball, 34, EV 95.0 MPH) Larry LeFever to second Larry LeFever to third
|
Batting: RHB Akira Suzuki
|
0-0: Ball 1-0: Foul Ball, location: 2F 1-1: Ball 2-1: Foul Ball, location: 2F 2-2: Ball 3-2: Base on Balls Matt McKeon to second
|
Batting: RHB Reomel Somera
|
0-0: Ball 1-0: Ball 2-0: Foul Ball, location: 2F 2-1: Ball 3-1: Called Strike 3-2: Strikes out swinging
|
Top of the 6th over - 0 runs, 2 hits, 0 errors, 3 left on base; Jacksonville 3 - Pensacola 0 |
BOTTOM OF THE 6TH |
Pensacola Blue Wahoos batting - Pitching for Jacksonville Suns : RHP Pat Proctor
|
Batting: RHB Randy Grewe
|
0-0: Ball 1-0: Ground out 6-3 (Groundball, 6, EV 88.1 MPH)
|
Batting: RHB Solange Le Coq
|
0-0: Ball 1-0: Called Strike 1-1: Ball 2-1: Called Strike 2-2: Ball 3-2: Reached on error, E6 (Groundball, 6, EV 86.9 MPH)
|
Batting: SHB David Garnica
|
0-0: Called Strike Solange Le Coq steals 2nd base 0-1: Foul Ball, location: 2F 0-2: Ball 1-2: Strikes out looking
|
Batting: RHB Mark Williams
|
0-0: Ball 1-0: Ball 2-0: Ball 3-0: Called Strike 3-1: Ground out U3 (Groundball, 3S, EV 91.2 MPH)
|
Bottom of the 6th over - 0 runs, 0 hits, 1 error, 1 left on base; Jacksonville 3 - Pensacola 0 |
TOP OF THE 7TH |
Jacksonville Suns batting - Pitching for Pensacola Blue Wahoos : RHP Vladislav Prochazka
|
Pitching: LHP Dave Schmidt
|
|
Batting: RHB Jack Power
|
0-0: Ball 1-0: Foul Ball, location: 2F 1-1: Ground out 2-3 (Groundball, 15S, EV 75.0 MPH)
|
Batting: RHB Len Graham
|
0-0: Ball 1-0: Called Strike 1-1: SINGLE (Line Drive, 89S, EV 93.8 MPH)
|
Batting: LHB Dong-u Chang
|
0-0: Called Strike 0-1: Foul Ball, location: 2F 0-2: Ball 1-2: Ball 2-2: Ball 3-2: 2-RUN HOME RUN (Flyball, 89XD, EV 106.2 MPH), Distance : 398 ft
|
Batting: LHB Orlando Rivera
|
0-0: Called Strike 0-1: Ball 1-1: Ball 2-1: Ball 3-1: Called Strike 3-2: Strikes out swinging
|
Batting: RHB Larry LeFever
|
0-0: Called Strike 0-1: Foul Ball, location: 2F 0-2: SINGLE (Groundball, 4M, EV 96.9 MPH)
|
Batting: RHB Chris Alft
|
0-0: Ball 1-0: Ball 2-0: Ball 3-0: Called Strike 3-1: Called Strike 3-2: Strikes out swinging
|
Top of the 7th over - 2 runs, 3 hits, 0 errors, 1 left on base; Jacksonville 5 - Pensacola 0 |
BOTTOM OF THE 7TH |
Pensacola Blue Wahoos batting - Pitching for Jacksonville Suns : RHP Pat Proctor
|
Batting: RHB Armando Moz
|
0-0: SINGLE (Groundball, 6MD, EV 95.0 MPH)
|
Batting: RHB Dinand Brouwer
|
0-0: Ball 1-0: Ball 2-0: Foul Ball, location: 2F 2-1: Called Strike 2-2: 2-RUN HOME RUN (Flyball, 78XD, EV 104.4 MPH), Distance : 399 ft
|
Pitching: LHP Will Sledge
|
|
Batting: LHB John Wagner
|
0-0: Ground out 4-3 (Groundball, 4, EV 89.4 MPH)
|
Batting: RHB Luis Solorzano
|
0-0: Ball 1-0: SINGLE (Line Drive, 89S, EV 108.8 MPH)
|
Batting: RHB Ryan Short
|
0-0: Ball 1-0: Ball 2-0: Fly out, F8 (Line Drive, 8LM, EV 91.2 MPH)
|
Batting: RHB Randy Grewe
|
0-0: Called Strike Luis Solorzano steals 2nd base 0-1: Foul Ball, location: 2F 0-2: Strikes out swinging
|
Bottom of the 7th over - 2 runs, 3 hits, 0 errors, 1 left on base; Jacksonville 5 - Pensacola 2 |
TOP OF THE 8TH |
Jacksonville Suns batting - Pitching for Pensacola Blue Wahoos : LHP Dave Schmidt
|
Pitching: LHP Yorihiko Honda
|
|
Batting: LHB Matt McKeon
|
0-0: Foul Ball, location: 2F 0-1: Ground out 4-3 (Groundball, 4, EV 89.4 MPH)
|
Batting: RHB Akira Suzuki
|
0-0: Ball 1-0: Called Strike 1-1: Fly out, F4 (Popup, 34S, EV 71.9 MPH)
|
Batting: RHB Reomel Somera
|
0-0: Ground out U3 (Groundball, 34S, EV 88.8 MPH)
|
Top of the 8th over - 0 runs, 0 hits, 0 errors, 0 left on base; Jacksonville 5 - Pensacola 2 |
BOTTOM OF THE 8TH |
Pensacola Blue Wahoos batting - Pitching for Jacksonville Suns : LHP Will Sledge
|
Batting: RHB Solange Le Coq
|
0-0: Ball 1-0: Swinging Strike 1-1: Foul Ball, location: 2F 1-2: SINGLE (Line Drive, 34, EV 94.4 MPH)
|
Batting: SHB David Garnica
|
0-0: Ball 1-0: Called Strike 1-1: Ball 2-1: Ball 3-1: Base on Balls Solange Le Coq to second
|
Batting: RHB Mark Williams
|
0-0: Called Strike 0-1: Fly out, F7 (Flyball, 7D, EV 100.0 MPH)
|
Batting: RHB Armando Moz
|
0-0: Ball 1-0: Swinging Strike 1-1: Swinging Strike 1-2: Foul Ball, location: 2F 1-2: Ball 2-2: Foul Ball, location: 2F 2-2: Strikes out looking
|
Pitching: RHP Alberto Negrete
|
|
Pinch Hitting: LHB Matthew Berry
|
0-0: Fly out, F7 (Line Drive, 78M, EV 97.5 MPH)
|
Bottom of the 8th over - 0 runs, 1 hit, 0 errors, 2 left on base; Jacksonville 5 - Pensacola 2 |
TOP OF THE 9TH |
Jacksonville Suns batting - Pitching for Pensacola Blue Wahoos : LHP Yorihiko Honda
|
Pitching: LHP Davy Thorne
|
|
Now at 1B: Matthew Berry
|
|
Batting: RHB Jack Power
|
0-0: Swinging Strike 0-1: Foul Ball, location: 2F 0-2: Strikes out looking
|
Batting: RHB Len Graham
|
0-0: Called Strike 0-1: Swinging Strike 0-2: Ground out 5-3 (Groundball, 56S, EV 86.9 MPH)
|
Batting: LHB Dong-u Chang
|
0-0: Ball 1-0: Called Strike 1-1: Ground out 5-3 (Groundball, 5L, EV 88.8 MPH)
|
Top of the 9th over - 0 runs, 0 hits, 0 errors, 0 left on base; Jacksonville 5 - Pensacola 2 |
BOTTOM OF THE 9TH |
Pensacola Blue Wahoos batting - Pitching for Jacksonville Suns : RHP Alberto Negrete
|
Batting: LHB John Wagner
|
0-0: Foul Ball, location: 2F 0-1: Ground out 4-3 (Groundball, 4, EV 100.0 MPH)
|
Batting: RHB Luis Solorzano
|
0-0: Called Strike 0-1: Swinging Strike 0-2: SINGLE (Groundball, 3S, EV 62.5 MPH) (infield hit)
|
Batting: RHB Ryan Short
|
0-0: SINGLE (Groundball, 6D, EV 96.9 MPH) Luis Solorzano to second
|
Batting: RHB Randy Grewe
|
0-0: Foul Ball, location: 2F 0-1: Called Strike 0-2: Ball 1-2: Strikes out swinging
|
Batting: RHB Solange Le Coq
|
0-0: Ball 1-0: Foul Ball, location: 2F 1-1: Ball 2-1: Ball 3-1: Ground out 6-3 (Groundball, 6MD, EV 98.1 MPH)
|
Bottom of the 9th over - 0 runs, 2 hits, 0 errors, 2 left on base; Jacksonville 5 - Pensacola 2 |
|